 Dungeon Crawl Stone Soup version 0.30-a0-365-ge7f957f1db (webtiles) character file.

Game seed: 3194658103317961440

18 MrRokkomies the Slasher (level 3, -1/33 HPs)
             Began as a Meteoran Cinder Acolyte on Nov 17, 2022.
             Was a High Priest of Ignis.
             Succumbed to an adder's poison
             ... on level 1 of the Dungeon.
             The game lasted 00:01:21 (327 turns).

MrRokkomies the Slasher (Meteoran Cinder Acolyte)    Turns: 327, Time: 00:01:22

Health: -1/33      AC:  2    Str: 12 (15) XL:     3   Next: 5%
Magic:  6/6        EV: 11    Int: 13 (15) God:    Ignis [*****.]
Gold:   2          SH:  0    Dex: 10 (12) Spells: 4/4 levels left

rFire   + . .      SeeInvis .    a - -1 falchion (flame)
rCold   . . .      Faith    .    (no shield)
rNeg    . . .      Spirit   .    b - +0 robe
rPois   .          Reflect  .    (no helmet)
rElec   .          Harm     .    (no cloak)
rCorr   .          Rampage  .    (no gloves)
Will    .....                    (no boots)
Stlth   +.........               (no amulet)
HPRegen 0.25/turn                (no ring)
MPRegen 0.10/turn                (no ring)

@: lethally poisoned (-1 -> -9), glowing
A: sense surroundings 1, otherworldly, glowing, explore regen
a: Renounce Religion, Fiery Armour, Foxfire Swarm


You were on level 1 of the Dungeon.
You worshipped Ignis.
Ignis was extremely pleased with you.
You visited 1 branch of the dungeon, and saw 2 of its levels.

You collected 2 gold pieces.

Inventory:

Hand Weapons
 a - a -1 falchion of flaming (weapon)
Armour
 b - a +0 robe (worn)
Scrolls
 c - a scroll of enchant armour {unknown}
 e - a scroll of identify {unknown}
 h - a scroll of poison {unknown}
Potions
 f - a potion of mutation {unknown}
 g - a potion of magic {unknown}
 i - 2 potions of flight {unknown}


   Skills:
 * Level 3.6 Fighting
 * Level 4.0 Long Blades
 + Level 1.0 Dodging
 - Level 1.3 Spellcasting
 + Level 3.8 Fire Magic


You had 4 spell levels left.
You didn't know any spells.
Your spell library contained the following spells:

 Spells                   Type           Power      Damage    Failure   Level
 Scorch                   Fire           20%        2d6       9%          2
 Ignite Poison            Fire/Tmut/Pois 4%         N/A       43%         3
 Kindle Blastsparks       Fire/Tloc/Air  8%         2d10      43%         3
 Cause Fear               Hex            0%         N/A       95%         4
 Freezing Cloud           Conj/Ice/Air   0%         6-21      100%        5
 Dragon Form              Tmut           0%         N/A       100%        7
 Dragon's Call            Summ           0%         N/A       100%        9


Dungeon Overview and Level Annotations

Branches:
Dungeon (2/15) Zot: 863

Altars:


Innate Abilities, Weirdness & Mutations

You passively map a small area around you.
You are easily found by Zot.
You glow in the dark.
You regain HP and MP as you explore.


Message History

You are poisoned.
The adder poisons you!
You closely miss the adder.
You feel sick. The adder bites you but does no damage. The adder bites you.
You barely miss the adder.
You feel sick. The adder barely misses you.
You completely miss the adder.
You feel sick. The adder misses you.
You hit the adder. You burn the adder.
The adder is heavily wounded.
You feel sick.
You are no longer poisoned.
The adder bites you.
You are poisoned.
The adder poisons you! The adder barely misses you.
You closely miss the adder.
The adder is heavily wounded.
You feel sick. The adder bites you.
You closely miss the adder.
The adder is heavily wounded.
You feel sick. The adder bites you.
You are more poisoned.
The adder poisons you! The adder bites you but does no damage.
You barely miss the adder.
The adder is moderately wounded.
You feel sick. The adder bites you.
* * * LOW HITPOINT WARNING * * *
Unknown command.
You begin to rise into the air.
You feel sick. The adder bites you.
* * * LOW HITPOINT WARNING * * *
Unknown command.
The adder attacks as you move away! The adder barely misses you.
* * * LOW HITPOINT WARNING * * *
You feel sick. The adder bites you.
* * * LOW HITPOINT WARNING * * *
You are more poisoned.
The adder poisons you!
It was a potion of degeneration.
There was something very wrong with that liquid.
You feel weakened.
You feel dopey.
You feel clumsy.
With a burst of heat and light, you rocket upward!
You die...

...#####.#...#######. *
...........#......... ,
....###....#......#. , , , ,
.....####........## , , ,, *
..#...#....##....# *, ,, ,,
.†##..#.##..#.##.##* , *
...#.....##...##... , *
...##.........##.###* ***
#..##.######...#@..##..######
#..##.####...#.....# #.^....##
#.................## ######..#
##...........####.# ##.#
..............# .### #.#
#.........).### ...# #.####
#...........# *##.# #..#..
............#######.##### ##....
#................PP.....######...


There were no monsters in sight!

Vanquished Creatures
  4 endoplasms (D:1)
  3 goblins (D:1)
  2 hobgoblins
  A quokka (D:1)
  A bat (D:1)
  A frilled lizard (D:1)
  4 rats (D:1)
16 creatures vanquished.

Vanquished Creatures (others)
  A plant (D:1)
1 creature vanquished.

Grand Total: 17 creatures vanquished

Notes
Turn   | Place    | Note
-------+----------+-------------------------------------------
     0 | D:1      | MrRokkomies the Meteoran Cinder Acolyte began the quest for
                  | the Orb.
     0 | D:1      | Reached XP level 1. HP: 19/19 MP: 3/3
    62 | D:1      | Reached XP level 2. HP: 22/26 MP: 5/5
   172 | D:1      | Found a faded altar of an unknown god.
   181 | D:1      | Reached skill level 1 in Dodging
   208 | D:1      | Reached XP level 3. HP: 28/31 MP: 6/6
   312 | D:2      | Reached skill level 4 in Long Blades
   326 | D:2      | HP: 1/33 [adder (3)]
   327 | D:1      | Succumbed to an adder's poison

Illustrated notes

Levels and vault maps discovered:
D:1:      dpeg_arrival_fog, layout_rooms,
          hellmonk_ecumenical_altar_pennies_from_heaven, serial_bayou_pond_b
D:2:      layout_loops_ring, minmay_tripent

Skill      XL: |  1  2  3 |
---------------+----------+-----
Dodging        | 1 |  1.0
Long Blades    | 4 |  4.0
Fighting       | |  3.6
Spellcasting   | |  1.3
Fire Magic     | |  3.8

Action                   || total
-------------------------++-------
Melee: Falchion          ||    61
       Punch             ||     2
Invok: Rising Flame      ||     1
  Use: Potion            ||     1
Armor: Robe              ||    10
Dodge: Dodged            ||    27

Table legend: (Time is in decaauts)
 A = Elapsed time spent in this place.
 B = Non-inter-level travel time spent in this place.
 C = Inter-level travel time spent in this place.
 D = Time resting spent in this place.
 E = Time spent auto-exploring this place.
 F = Levels seen in this place.
 G = Mean time per level.
                   A        B        C        D        E       F      G
               +--------+--------+--------+--------+--------+-----+--------+
         Total |    336 |    284 |     52 |      0 |     62 |   2 |  168.0 |
       Dungeon |    336 |    284 |     52 |      0 |     62 |   2 |  168.0 |
               +--------+--------+--------+--------+--------+-----+--------+

Top non-repeatable levels by time:
     D:1: 301 daAuts
     D:2: 35 daAuts
